 Dungeon Crawl Stone Soup version 0.30.1-9-gdf580d7c3d (webtiles) character file.

Game seed: 4341555170047495450

157 growler the Gusty (level 5, -5/28 HPs)
             Began as a Tengu Air Elementalist on Oct 18, 2023.
             Slain by Pikel
             ... wielding a +1 whip of electrocution
              (19 damage)
             ... on level 4 of the Dungeon.
             The game lasted 00:07:22 (3272 turns).

growler the Gusty (Tengu Air Elementalist)          Turns: 3272, Time: 00:07:23

Health: -5/28      AC:  2    Str:  8    XL:     5   Next: 38%
Magic:  0/10       EV: 14    Int: 18    God:
Gold:   268        SH:  0    Dex: 14    Spells: 0/10 levels left

rFire   . . .        (no weapon)
rCold   . . .        (no shield)
rNeg    . . .        a - +0 robe
rPois   .            (helmet restricted)
rElec   .            (no cloak)
rCorr   .            (no gloves)
SInv    .            (boots unavailable)
Will    .....        (no amulet)
Stlth   ++           (no ring)
HPRegen 0.24/turn    (no ring)
MPRegen 0.12/turn

%: no passive effects
@: flying quickly and evasively, quick
A: beak, talons 3, nimble flight
a: no special abilities


You were on level 4 of the Dungeon.
You visited 1 branch of the dungeon, and saw 4 of its levels.

You collected 268 gold pieces.

Inventory:

Missiles
 q - a throwing net
Armour
 a - a +0 robe (worn)
 g - a +0 buckler
Wands
 n - a wand of light (8)
Scrolls
 i - a scroll of enchant armour {unknown}
 j - 2 scrolls of fear {unknown}
 k - a scroll of fog {unknown}
 m - a scroll of teleportation {unknown}
 o - a scroll of magic mapping {unknown}
Potions
 b - a potion of magic
 c - a potion of lignification {unknown}
 d - a potion of ambrosia
 e - a potion of invisibility
 f - a potion of might
 h - a potion of curing
 l - a potion of resistance
 p - 2 potions of mutation {unknown}


   Skills:
 - Level 2.1 Dodging
 - Level 2.0 Stealth
 + Level 3.2 Spellcasting
 + Level 4.0 Conjurations
 + Level 5.5 Air Magic


You couldn't memorise any spells.
You knew the following spells:

 Your Spells              Type           Power      Damage    Failure   Level
a - Shock                 Conj/Air       80%        1d8       2%          1
b - Static Discharge      Conj/Air       40%        2-4/arc   3%          2
c - Swiftness             Air            22%        N/A       4%          3
d - Airstrike             Air            11%        2d(2-18)  16%         4

Your spell library contained the following spells:

 Spells                   Type           Power      Damage    Failure   Level
 Lesser Beckoning         Tloc           4%         N/A       24%         2
 Gell's Gravitas          Tloc           2%         N/A       43%         3
 Ignite Poison            Fire/Tmut/Pois 2%         N/A       43%         3
 Teleport Other           Tloc           2%         N/A       43%         3
 Sticky Flame             Conj/Fire      10%        2d3       56%         4
 Ignition                 Fire           1%         3d3       100%        8


Dungeon Overview and Level Annotations

Branches:
Dungeon (4/15)
 Temple: D:4-7

Altars:
Makhleb
Yredelemnul

Shops:
D:2 !   D:4 (

Annotations:
D:4 Pikel


Innate Abilities, Weirdness & Mutations

You have a beak for a mouth.
You have claws for feet.
Your magical nature lets you fly swiftly and evasively.


Message History

The lemure hits you.
A lemure comes into view.
There is a stone staircase leading down here.
The lemure shouts!
The zap hits Pikel.
Pikel is moderately wounded.
The zap hits Pikel.
Pikel is heavily wounded.
Unknown command.
The zap hits Pikel.
Pikel is heavily wounded.
The zap hits the lemure.
The lemure is moderately wounded.
The zap hits the lemure.
The lemure is heavily wounded.
The zap hits Pikel.
Pikel is heavily wounded.
Pikel hits you with a +1 whip of electrocution.
The zap hits Pikel.
Pikel is heavily wounded.
The zap hits the lemure.
The lemure is heavily wounded.
The zap hits the lemure.
The lemure is severely wounded.
The zap hits Pikel.
Pikel is severely wounded.
Pikel says, "You'll make a fine lemure."
Pikel hits you with a +1 whip of electrocution!
The zap hits Pikel.
Pikel is severely wounded.
The zap hits the lemure.
The lemure is lightly wounded.
The zap hits the lemure.
The lemure is lightly wounded.
The zap hits Pikel.
Pikel is almost dead.
Pikel hits you with a +1 whip of electrocution.
You are electrocuted!!
Ouch! That really hurt!
You die...

.# #.##.#(..#....# .
#.##.#..(#.#..# #5
#.##.##∩##.#..# ##5.
##.#........#..# #...#
##....#####..#..# .....#
#..#...).)...#..#
......##...5######.##(.##.#
......5.....5.....#......#
....>..#.####.5K@###..###.#
.........####.#5## ##.###.#
#..[##.........## ##....#
#### #######).#.# ##.#####
#..##.###..# #..# #.#...#
#..####....# #........#.#
##.###...#.#


You could see Pikel and 4 lemures.

Vanquished Creatures
  3 gnolls (D:4)
  5 adders
  4 worms
  A dart slug (D:3)
  3 orcs
  3 ball pythons
  11 bats
  7 endoplasms
  A giant cockroach (D:1)
  6 goblins
  4 hobgoblins
  3 jackals (D:1)
  A quokka (D:2)
  3 training dummies (D:4)
  7 frilled lizards
  3 kobolds
  3 rats
68 creatures vanquished.

Notes
Turn   | Place    | Note
-------+----------+-------------------------------------------
     0 | D:1      | growler the Tengu Air Elementalist began the quest for the
                  | Orb.
     0 | D:1      | Reached XP level 1. HP: 10/10 MP: 4/4
   227 | D:1      | Reached XP level 2. HP: 15/15 MP: 4/6
   230 | D:1      | Learned a level 2 spell: Static Discharge
   707 | D:2      | Reached XP level 3. HP: 19/19 MP: 1/7
  1086 | D:2      | Found Xyawul's Distillery.
  1508 | D:2      | Reached XP level 4. HP: 24/24 MP: 4/9
  1779 | D:2      | Reached skill level 5 in Air Magic
  1922 | D:3      | Learned a level 3 spell: Swiftness
  2608 | D:3      | Found a basalt altar of Yredelemnul.
  2726 | D:3      | Found a burning altar of Makhleb.
  2726 | D:3      | Noticed a balrug
  2784 | D:4      | Gained mutation: Your magical nature lets you fly swiftly
                  | and evasively. [Tengu growth]
  2784 | D:4      | Reached XP level 5. HP: 28/28 MP: 7/10
  2789 | D:4      | Learned a level 4 spell: Airstrike
  3184 | D:4      | Found Girr's Firing Range.
  3245 | D:4      | Noticed a lemure
  3245 | D:4      | Noticed a lemure
  3248 | D:4      | Noticed Pikel
  3252 | D:4      | Noticed a lemure
  3255 | D:4      | Noticed a lemure
  3272 | D:4      | Slain by Pikel

Illustrated notes

Levels and vault maps discovered:
D:1:      dpeg_arrival_rhombus, layout_rooms
D:2:      layout_basic, serial_shops, shop
D:3:      layout_rooms, makhleb_altar_promises_db, amcnicky_altar_gilded,
          nicolae_titane
D:4:      layout_loops_ring, nicolae_shop_firing_range, uniq_menkaure,
          uniq_pikel

Skill      XL: |  1  2  3  4  5 |
---------------+----------------+-----
Conjurations   | 2 3 4 |  4.0
Air Magic      | 5 |  5.5
Spellcasting   | 3 |  3.2
Dodging        | |  2.1
Stealth        | |  2.0

Action                     |  1- 3 |  4- 6 || total
---------------------------+-------+-------++-------
  Melee: Unarmed           |    10 |       ||    10
         Peck              |     4 |       ||     4
         Kick              |     3 |       ||     3
   Cast: Shock             |    71 |   112 ||   183
    Use: Scroll            |       |     6 ||     6
 Armour: Robe              |     4 |     2 ||     6
  Dodge: Dodged            |    11 |    14 ||    25
